 Dungeon Crawl Stone Soup version 0.18-a0-1120-g03bd624 (webtiles) character file.

116 gorblad the Shield-Bearer (level 5, -3/49 HPs)
             Began as a Gargoyle Fighter on Jan 17, 2016.
             Slain by an ice beast (12 damage)
             ... on level 3 of the Dungeon.
             The game lasted 00:03:59 (2035 turns).

gorblad the Shield-Bearer (Gargoyle Fighter)        Turns: 2035, Time: 00:03:59

Health: -3/49      AC: 22    Str: 21    XL:     5   Next: 1%
Magic:  5/5        EV:  2    Int:  8    God:
Gold:   34         SH:  9    Dex:  9    Spells: 0 memorised, 4 levels left

rFire  . . .     SeeInvis .     a - +0 flail
rCold  . . .     Gourm    .     (armour currently unavailable)
rNeg   + + +     Faith    .     c - +0 shield
rPois  ∞         Spirit   .     (helmet currently unavailable)
rElec  .         Dismiss  .     (cloak currently unavailable)
rCorr  .         Reflect  .     (gloves currently unavailable)
SustAt .         Harm     .     (boots currently unavailable)
MR     .....     NoTele   +     (no amulet)
Stlth  ++........               (no ring)
                                (no ring)

@: tree-form, not resistant to hostile enchantments, unstealthy
A: negative energy resistance 1, (electricity resistance), (unbreathing),
petrification resistance, rot immunity, AC +4
a: no special abilities


You were on level 3 of the Dungeon.
You were not hungry.
You were a tree.
You visited 1 branch of the dungeon, and saw 3 of its levels.

You collected 34 gold pieces.

Inventory:

Hand Weapons
 a - a +0 flail (weapon)
Armour
 b - a +0 scale mail (melded)
 c - a +0 shield (worn)
 e - a +0 helmet (melded)
 j - a +0 pair of boots (melded)
Wands
 o - a wand of random effects (23/48)
Scrolls
 i - 3 scrolls of remove curse
Potions
 d - 2 potions of might
 g - a potion of mutation
 l - a potion of flight
 m - a potion of curing
 p - a potion of magic {unknown}
Comestibles
 f - 2 bread rations
 h - a meat ration
 n - 3 chunks of flesh


   Skills:
 + Level 3.8 Fighting
 - Level 2.7 Maces & Flails
 + Level 3.7 Armour
 - Level 1.0 Dodging
 + Level 0.8 Stealth
 + Level 4.5 Shields


You had 4 spell levels left.
You didn't know any spells.

Dungeon Overview and Level Annotations

Branches:
Dungeon (3/15)

Altars:
Kikubaaqudgha


Innate Abilities, Weirdness & Mutations

You are resistant to torment.
((Your stone body is resilient (AC +4).))
You are immune to poison.
You resist negative energy.
((You are resistant to electric shocks.))
((You can survive without breathing.))
You are immune to petrification.
You are immune to rotting.


Message History

Your +0 pair of boots melds into your body.
Your +0 scale mail melds into your body.
Your roots penetrate the ground.
The ice beast hits you but does no damage.
You hit the ice beast but do no damage.
The ice beast is severely wounded.
The ice beast hits you but does no damage. x2
You hit the ice beast but do no damage.
The ice beast is severely wounded.
The ice beast hits you but does no damage.
You hit the ice beast.
The ice beast is almost dead.
The ice beast hits you. The ice beast freezes you!
* * * LOW HITPOINT WARNING * * *
You hit the ice beast but do no damage.
The ice beast is almost dead.
The ice beast hits you.
* * * LOW HITPOINT WARNING * * *
The ice beast freezes you!
You die...

#####.......
###..........#......
##.......#. ........#
##..#....## .......# .
...##....# ......#..
..###....## .........
..# #.....# ###........
..###.....####.......#..
.......[....##..♣Y......
..###.....###......#.#..
..##...##.###.....##
####...##.##.......... .
#...#...........##.
#.............###
#...##.#..##..#
#...##.#..##..#
#...#.........#


You could see an ice beast.

Vanquished Creatures
  Jessica (D:3)
  4 adders
  2 worms (D:2)
  2 giant geckos (D:1)
  11 bats
  A giant cockroach (D:3)
  3 goblins
  9 hobgoblins
  2 jackals (D:1)
  3 giant newts (D:1)
  6 kobolds
  6 rats
50 creatures vanquished.

Notes
Turn   | Place    | Note
--------------------------------------------------------------
     0 | D:1      | gorblad the Gargoyle Fighter began the quest for the Orb.
     0 | D:1      | Reached XP level 1. HP: 14/14 MP: 1/1
   195 | D:1      | Reached XP level 2. HP: 18/20 MP: 2/2
   755 | D:1      | Reached XP level 3. HP: 20/24 MP: 3/3
  1035 | D:2      | Reached skill level 4 in Shields
  1120 | D:2      | Reached XP level 4. HP: 10/29 MP: 4/4
  1353 | D:2      | Found a faded altar to an unknown god.
  1561 | D:2      | Found an ancient bone altar of Kikubaaqudgha.
  1637 | D:2      | Reached skill level 1 in Dodging
  1987 | D:3      | Noticed Jessica
  2002 | D:3      | Killed Jessica
  2002 | D:3      | Reached XP level 5. HP: 33/33 MP: 5/5
  2022 | D:3      | Noticed an ice beast
  2035 | D:3      | Slain by an ice beast

Vault maps used:
D:1:      dpeg_arrival_solitude, minmay_bisected
D:2:      kiku_gazebo_garden_becter, ecumenical_altar_1
D:3:      glass_columns_a, uniq_jessica

Action                   |  1- 3 |  4- 6 || total
-------------------------+-------+-------++-------
Melee: Flail             |   139 |    79 ||   218
  Use: Scroll            |     4 |     5 ||     9
       Potion            |       |     2 ||     2
  Eat: Chunk             |     1 |     3 ||     4
